 Seeded DCSS version 0.27-a0-909-g0721f309d1 (webtiles) character file.

Game seed: 1642767598979250077 (custom seed)

32 HELP the Stinger (level 3, 0/21 HPs)
             Began as an Octopode Venom Mage on Apr 8, 2021.
             Slain by a water moccasin zombie (7 damage)
             ... on level 2 of the Dungeon.
             The game lasted 00:08:44 (1626 turns).

HELP the Stinger (Octopode Venom Mage)              Turns: 1626, Time: 00:08:45

Health: 0/21       AC:  1    Str:  7    XL:     3   Next: 25%
Magic:  6/6        EV: 13    Int: 18    God:
Gold:   39         SH:  0    Dex: 12    Spells: 3/6 levels left

rFire    . . .     SeeInvis .   a - +2 dagger (venom)
rCold    . . .     Faith    .   (no shield)
rNeg     . . .     Spirit   .   (helmet restricted)
rPois    .         Reflect  .   (no amulet)
rElec    .         Harm     .   (no ring)
rCorr    .         Rampage  .   (no ring)
Will     .....                  (no ring)
Stlth    +++.......             (no ring)
HPRegen  0.07/turn              (no ring)
MPRegen  0.10/turn              (no ring)
                                (no ring)
                                (no ring)

@: no status effects
A: almost no armour, amphibious, 8 rings, camouflage 1, gelatinous body 1,
(nimble swimmer 1), tentacles
a: no special abilities


You were on level 2 of the Dungeon.
You visited 1 branch of the dungeon, and saw 2 of its levels.

You collected 39 gold pieces.

Inventory:

Hand Weapons
 a - a +2 dagger of venom (weapon)
 e - a +0 hunting sling
Missiles
 c - 8 poisoned darts
 d - 38 stones (quivered)
Magical Staves
 b - a staff of poison
Potions
 g - a potion of curing {curring?, unknown}
 h - 2 potions of haste {haste?, unknown}


   Skills:
 - Level 2.1 Dodging
 + Level 3.4 Stealth
 + Level 2.3 Spellcasting
 - Level 1.1 Transmutations
 * Level 4.3 Poison Magic


You had 3 spell levels left.
You knew the following spells:

 Your Spells              Type           Power      Damage    Failure   Level
a - Sting                 Tmut/Pois      48%        1d5       5%          1
z - Poisonous Vapours     Pois/Air       18%        N/A       11%         2

Your spell library contained the following spells:

 Spells                   Type           Power      Damage    Failure   Level
 Ignite Poison            Fire/Tmut/Pois 8%         N/A       24%         3
 Mephitic Cloud           Conj/Pois/Air  7%         N/A       28%         3
 Olgreb's Toxic Radiance  Pois           17%        N/A       28%         4


Dungeon Overview and Level Annotations

Branches:
Dungeon (2/15)

Altars:


Innate Abilities, Weirdness & Mutations

You cannot wear most types of armour.
You are amphibious.
You can wear up to eight rings at the same time.
Your skin changes colour to match your surroundings (Stealth+).
Your rubbery body absorbs attacks. (AC +1, EV +1)
((You are camouflaged near water. (Stealth+)))
You have tentacles for arms and can constrict up to eight enemies at once.


Message History

An orc comes into view. It is wielding a +0 morningstar.
The helpless orc fails to defend itself.
You puncture the orc!
You kill the orc!
Found a hunting sling.
A goblin comes into view. It is wielding a +0 club.
You see here a +0 hunting sling.
e - a +0 hunting sling The goblin shouts!
An endoplasm comes into view.
The goblin barely misses you.
A rat comes into view.
The water moccasin zombie bites you.
You hit the water moccasin zombie. You grab the water moccasin zombie.
The water moccasin zombie is lightly damaged.
You constrict the water moccasin zombie.
The water moccasin zombie misses you.
You hit the water moccasin zombie.
The water moccasin zombie is lightly damaged.
You constrict the water moccasin zombie.
The water moccasin zombie bites you.
You hit the water moccasin zombie. You squeeze the water moccasin zombie!
The water moccasin zombie is heavily damaged.
You constrict the water moccasin zombie.
The water moccasin zombie bites you.
You hit the water moccasin zombie.
The water moccasin zombie is heavily damaged.
You constrict the water moccasin zombie.
The water moccasin zombie bites you.
You hit the water moccasin zombie.
The water moccasin zombie is severely damaged.
You constrict the water moccasin zombie.
The water moccasin zombie barely misses you.
The water moccasin zombie closely misses you.
You completely miss the water moccasin zombie.
The water moccasin zombie is severely damaged.
You constrict the water moccasin zombie.
The endoplasm freezes you.
You are frozen.
The water moccasin zombie bites you!
You die...

##### #.#
....#####.#
###..)....##.#
#....####†...# #
#....#......##
####r###(.# #.####.#
......rg..#.#.$..#.#
#Z#.#..$.#.#.#
#@#.####.#.#.#
#.J...†..#)..#
#.....####..##
#.###.......# #.#
#####.#.#
#.#######...#
#.........###
###########


You could see a water moccasin zombie, an endoplasm, a goblin and a rat.

Vanquished Creatures
  An orc (D:2)
  A ball python (D:1)
  5 bats (D:1)
  4 endoplasms (D:1)
  A giant cockroach (D:1)
  5 goblins (D:1)
  A kobold (D:1)
  2 quokkas
  3 frilled lizards (D:1)
  5 rats
28 creatures vanquished.

Notes
Turn   | Place    | Note
-------+----------+-------------------------------------------
     0 | D:1      | HELP the Octopode Venom Mage began the quest for the Orb.
     0 | D:1      | Reached XP level 1. HP: 11/11 MP: 3/3
   151 | D:1      | Reached XP level 2. HP: 13/17 MP: 5/5
   159 | D:1      | Learned a level 2 spell: Poisonous Vapours
   347 | D:1      | Reached skill level 4 in Poison Magic
  1409 | D:1      | Reached XP level 3. HP: 21/21 MP: 6/6
  1626 | D:2      | Slain by a water moccasin zombie

Illustrated notes

Levels and vault maps discovered:
D:1:      lightli_arrival_noodles, layout_basic
D:2:      layout_loops_ring, serial_shops, nicolae_shop_behind_doors,
          minmay_heptomino_l4

Skill      XL: |  1  2 |
---------------+-------+-----
Stealth        | 3 |  3.4
Poison Magic   | 4 |  4.3
Dodging        | |  2.1
Spellcasting   | |  2.3
Transmutations | |  1.1

Action                   || total
-------------------------++-------
Melee: Dagger            ||    38
       Tentacles         ||     8
       Constrict         ||    10
       Unarmed           ||     2
Throw: Stone             ||     1
 Cast: Sting             ||    10
       Poisonous Vapours ||     5
  Use: Scroll            ||     2
 Stab: Sleeping          ||     5
Armor: Skin              ||     8
Dodge: Dodged            ||    19

Table legend: (Time is in decaauts)
 A = Elapsed time spent in this place.
 B = Non-inter-level travel time spent in this place.
 C = Inter-level travel time spent in this place.
 D = Time resting spent in this place.
 E = Time spent auto-exploring this place.
 F = Levels seen in this place.
 G = Mean time per level.
                   A        B        C        D        E       F      G
               +--------+--------+--------+--------+--------+-----+--------+
         Total |   1624 |   1613 |     11 |    446 |    857 |   2 |  812.0 |
       Dungeon |   1624 |   1613 |     11 |    446 |    857 |   2 |  812.0 |
               +--------+--------+--------+--------+--------+-----+--------+

Top non-repeatable levels by time:
     D:1: 1545 daAuts
     D:2: 79 daAuts
